 Dungeon Crawl Stone Soup version 0.29-a0-234-g0dae59b3db (webtiles) character file.

Game seed: 6171061529059030317

18 sammy202020 the Skirmisher (level 2, -2/23 (24) HPs)
             Began as a Demonspawn Chaos Knight on Mar 3, 2022.
             Was a Plaything of Xom.
             Slain by an iron imp (6 damage)
             ... summoned by Xom
             ... on level 1 of the Dungeon.
             The game lasted 00:01:15 (928 turns).

sammy202020 the Skirmisher (Demonspawn Chaos Knight) Turns: 928, Time: 00:01:15

HP:   -2/23 (24)    AC:  5    Str: 12    XL:     2   Next: 48%
MP:   2/2           EV: 11    Int: 13    God:    Xom [*.....]
Gold: 42            SH:  0    Dex: 12    Spells: 1/1 levels left

rFire   . . .      SeeInvis .   a - +0 mace (chaos)
rCold   . . .      Faith    .   (no shield)
rNeg    . . .      Spirit   .   b - +2 leather armour
rPois   .          Reflect  .   (no helmet)
rElec   .          Harm     .   (no cloak)
rCorr   .          Rampage  .   (no gloves)
Will    .....                   (no boots)
Stlth   +.........              (no amulet)
HPRegen 0.07/turn               (no ring)
MPRegen 0.08/turn               (no ring)

@: hasted, lightly drained, very quick
A: weakness stinger 1
a: Renounce Religion


You were on level 1 of the Dungeon.
You worshipped Xom.
You were a special plaything of Xom.
You visited 1 branch of the dungeon, and saw 1 of its levels.

You collected 42 gold pieces.

Inventory:

Hand Weapons
 a - a +0 mace of chaos (weapon)
Armour
 b - a +2 leather armour (worn)
Scrolls
 c - 2 scrolls of identify {unknown}
 d - 3 scrolls of fear {unknown}
 e - a scroll of torment {unknown}
 g - a scroll of vulnerability {unknown}


   Skills:
 + Level 3.2 Fighting
 + Level 2.9 Maces & Flails
 + Level 2.1 Armour
 + Level 1.3 Dodging


You had one spell level left.
You didn't know any spells.
Your spell library was empty.

Dungeon Overview and Level Annotations

Branches:
Dungeon (1/15)

Altars:


Innate Abilities, Weirdness & Mutations

You have a small tail.


Message History

No target in view!
No target in view!
No target in view!
No target in view!
No target in view!
You feel yourself speed up.
You see here 6 poisoned darts.
Found a stone staircase leading down.
You see here a +0 club of chaos.
You see here a +0 club of chaos.
You hear Xom's maniacal laughter.
You hit the white imp.
The white imp's magic leaks into the air.
The white imp is lightly wounded.
The white imp's magic is no longer disrupted.
The white imp hits you but does no damage.
The iron imp barely misses you.
You closely miss the white imp.
The white imp is lightly wounded.
The white imp gestures at you. The puff of frost hits you.
You thump the white imp!
Lightning courses through the white imp!
You kill the white imp!
The white imp disappears in a puff of smoke!
The iron imp hits you! The iron imp barely misses you.
You are too injured to fight recklessly!
You are too injured to fight recklessly!
An iron imp is nearby!
You are too injured to fight recklessly!
You hit the iron imp.
The iron imp seems to slow down.
The iron imp is moderately wounded.
You hit the iron imp but do no damage.
You tail-slap the iron imp, but do no damage.
The iron imp is moderately wounded.
The iron imp hits you.
* * * LOW HITPOINT WARNING * * *
Okay, then.
It was a potion of haste.
You feel yourself speed up. The iron imp hits you.
You die...

#######...##.....#
...#.............# .#
##.#.#...........# .#
...#.#....###....# ..+
...#.#....###...## ..###
.................+......
...#.#....###...##......
...#.#...........5......
.....#.....#....@.......
.....#.#...........##...
....>#.#....####.####..
...#.#.#.............(.
.......................
.........#............
.........#÷...........
#....#.###.#####'####..
#....#.###....†......#


You could see an iron imp (summoned, slow).

Vanquished Creatures
  3 ball pythons (D:1)
  2 bats (D:1)
  2 goblins (D:1)
  2 hobgoblins (D:1)
  A jackal (D:1)
  A quokka (D:1)
  A kobold (D:1)
  4 rats (D:1)
16 creatures vanquished.

Notes
Turn   | Place    | Note
-------+----------+-------------------------------------------
     0 | D:1      | sammy202020 the Demonspawn Chaos Knight began the quest for
                  | the Orb.
     0 | D:1      | Reached XP level 1. HP: 18/18 MP: 1/1
   121 | D:1      | XOM: divination: magic mapping
   223 | D:1      | Reached skill level 1 in Dodging
   556 | D:1      | Discovered your monstrous ancestry.
   556 | D:1      | Gained mutation: You have a small tail. [demonic ancestry]
   556 | D:1      | Reached XP level 2. HP: 23/24 MP: 2/2
   794 | D:1      | XOM: chaos upgrade
   922 | D:1      | XOM: summons 2 hostile demons
   928 | D:1      | Slain by an iron imp

Illustrated notes

Levels and vault maps discovered:
D:1:      tarquinn_simple_flora_water_c, layout_basic, moated_statue,
          chequers_serial_rivers_small_a, minmay_ruptured

Skill      XL: |  1 |
---------------+----+-----
Dodging        | 1 |  1.3
Armour         | 2 |  2.1
Fighting       | |  3.2
Maces & Flails | |  2.9

Action                   || total
-------------------------++-------
Melee: Mace              ||    62
       Tailslap          ||     8
  Use: Potion            ||     1
Armor: Leather armour    ||    21
Dodge: Dodged            ||    46

Table legend: (Time is in decaauts)
 A = Elapsed time spent in this place.
 B = Non-inter-level travel time spent in this place.
 C = Inter-level travel time spent in this place.
 D = Time resting spent in this place.
 E = Time spent auto-exploring this place.
 F = Levels seen in this place.
 G = Mean time per level.
                   A        B        C        D        E       F      G
               +--------+--------+--------+--------+--------+-----+--------+
         Total |    949 |    949 |      0 |      0 |    781 |   1 |  949.0 |
       Dungeon |    949 |    949 |      0 |      0 |    781 |   1 |  949.0 |
               +--------+--------+--------+--------+--------+-----+--------+

Top non-repeatable levels by time:
     D:1: 949 daAuts
